Jonadab, neutral female human Tourist ------ ----- |....| |...| |.``.----.`.| |.`.........| |..--->---..| |---------.--- |..^^^<|.....| |..----|.....| --.| |.....| |B-----.....| |.@...=.....| |..---------- ---- Jonadab the Rambler Experience level: 1 Strength: 11 Dexterity: 10 Constitution: 17 Intelligence: 15 Wisdom: 9 Charisma: 13 Health: 0(10) Energy: 2(2) Def: 3 Gold: 1112 Moves: 2256 Dungeon seed: H9_bcOcHxkaTuSBR Game ID: Jonadab_1481387561 Your Inventory: Coins $ - 1112 gold pieces Weapons a - an uncursed +2 orcish dagger r - 38 uncursed +2 darts (in quiver) Armor e - a blessed +0 Hawaiian shirt (being worn) y - an uncursed +0 leather armor (being worn) Y - an uncursed +0 pair of gauntlets of dexterity (being worn) Comestibles b - an uncursed egg c - 9 uncursed food rations d - 3 uncursed packets of prunes f - an uncursed fortune cookie g - an uncursed cream pie h - 2 uncursed bananas i - 2 uncursed lembas wafers j - an uncursed tripe ration Scrolls l - 4 uncursed scrolls of magic mapping v - 2 uncursed scrolls of blank paper E - an uncursed scroll of destroy armor K - 2 uncursed scrolls of earth Potions n - 2 uncursed potions of extra healing s - an uncursed potion of sleeping t - a cursed potion of paralysis A - a cursed potion of confusion B - an uncursed potion of water H - an uncursed potion of object detection Wands u - an uncursed wand of polymorph (0:6) I - an uncursed wand of light (0:11) Tools k - an uncursed credit card m - an uncursed expensive camera (0:70) z - an uncursed towel Gems q - 2 uncursed worthless pieces of black glass F - an uncursed worthless piece of violet glass Spells and supernatural/magical abilities: Name Level Category Fail Memory W - pray for help -- divine ? -- Your skills at the end: Fighting Skills wands [Basic] Weapon Skills dart [Basic] Spellcasting Skills Final Attributes: You were stridently aligned. You are dead. Vanquished creatures: a rock mole a shrieker a paper golem a homunculus a kobold shaman a giant bat an iguana 3 acid blobs 3 coyotes 3 manes 2 green molds a red mold a gnome zombie 2 geckos 4 jackals 3 foxes 2 goblins 2 grid bugs 4 lichens 5 newts 42 creatures vanquished. Voluntary challenges: You used a wielded weapon 1 time, starting on turn 425. You read items or engraved 8 times, starting on turn 566. You never genocided any monsters. You never polymorphed an object. You never changed form. You used no wishes. You never split a pudding. You wrote Elbereth's name 7 times, starting on turn 567. You never violated your personal moral code. Dungeon overview: The Dungeons of Doom: levels 1 to 8 Level 1 an altar to Offler a long staircase Level 2 a general store, some fountains, a sink stairs to The Gnomish Mines Level 3 some fountains Level 4 an altar to The Lady, a fountain Level 5 Level 6 a sink Level 7 many fountains Level 8 stairs to Sokoban The Gnomish Mines: levels 3 to 4 Level 3 stairs to The Dungeons of Doom Level 4 Sokoban: Level 7 <- You were here stairs to The Dungeons of Doom History has recorded: On T:1 you entered the Dungeons of Doom to retrieve the Amulet of Yendor! On T:116 you reached level 2 of The Dungeons of Doom. On T:266 you reached level 1 of The Gnomish Mines. On T:269 you reached level 2 of The Gnomish Mines. On T:527 you reached level 3 of The Dungeons of Doom. On T:605 you reached level 4 of The Dungeons of Doom. On T:1025 you reached level 5 of The Dungeons of Doom. On T:1525 you reached level 6 of The Dungeons of Doom. On T:1587 you reached level 7 of The Dungeons of Doom. On T:1947 you reached level 8 of The Dungeons of Doom. On T:2065 you reached level 4 of Sokoban. Score breakdown: Gold: 1023 (10240 points) Experience: 1 level ( 0 points) Exploration: 8 levels ( 17.02%) (11702 points) Discoveries: 3 items ( 1.00%) ( 2995 points) Valuables value: (no points given unless you survive) Artifact value: 0 ( 0 points) Variety of kills: 20 monsters ( 5.22%) ( 6855 points) Turncount: 2256 turns ( -178 points) Survival: died (score multiplied by 80%) Total score: 25291 Latest messages: You see here a cursed ruby ring. You see here a cursed ruby ring. You see here an iron ring. You displace Bernoulli. With great effort you move the boulder. You see here an iron ring. With great effort you move the boulder. You see here a cursed ruby ring. With great effort you move the boulder. The boulder fills a pit. You see here a cursed ruby ring. You see here an iron ring. With great effort you move the boulder. You see here an iron ring. With great effort you move the boulder. You see here a cursed ruby ring. With great effort you move the boulder. Bernoulli picks up an iron ring. With great effort you move the boulder. You try to move the boulder, but in vain. With great effort you move the boulder. The boulder fills a pit. The giant bat bites! (2x) You die... Final status: Aloha Jonadab the Tourist, killed by a giant bat... You died in Sokoban on dungeon level 7 with 25291 points, and 1112 pieces of gold, after 2256 moves. You were level 1 with a maximum of 10 hit points when you died.